 Dungeon Crawl Stone Soup version 0.19-a0-82-gd3566c2 (webtiles) character file.

170 Duffy the Shield-Bearer (level 5, 0/28 HPs)
             Began as a Vine Stalker Fighter on May 16, 2016.
             Succumbed to a scorpion's poison
             ... on level 3 of the Dungeon.
             The game lasted 00:02:21 (1703 turns).

Duffy the Shield-Bearer (Vine Stalker Fighter)      Turns: 1703, Time: 00:02:21

Health: 0/28       AC:  8    Str: 16 (18) XL:     5   Next: 51%
Magic:  6/6        EV:  4    Int:  8 (9)  God:
Gold:   136        SH:  9    Dex: 11 (14) Spells: 0 memorised, 4 levels left

rFire  . . .     SeeInvis .     a - +0 flail
rCold  . . .     Gourm    .     p - +0 chain mail
rNeg   . . .     Faith    .     c - +0 shield
rPois  .         Spirit   +     (no helmet)
rElec  .         Dismiss  .     (no cloak)
rCorr  .         Reflect  .     (no gloves)
SustAt .         Harm     .     (no boots)
MR     .....     Clarity  +     (no amulet)
Stlth  ..........               (no ring)
                                (no ring)

@: lethally poisoned (0 -> -3), invisible, not resistant to hostile
enchantments, extremely unstealthy
A: fangs 2, blink, clarity, sense surroundings 1, regeneration 1, magic shield,
antimagic bite, no device heal 3, rot immunity
a: Blink


You were on level 3 of the Dungeon.
You were not hungry.

You visited 1 branch of the dungeon, and saw 3 of its levels.

You collected 136 gold pieces.


Innate Abilities, Weirdness & Mutations

You have extremely sharp teeth.
Your natural rate of healing is unusually fast.
When hurt, damage is shared between your health and your magic reserves.
Your bite disrupts and absorbs the magic of your enemies.
Potions and wands cannot restore your health.
You are immune to rotting.
You can translocate small distances at will.
You possess an exceptional clarity of mind.
You passively map a small area around you.


   Skills:
 - Level 3.1 Fighting
 + Level 3.6 Maces & Flails
 - Level 2.4 Armour
 + Level 4.1 Shields


You had 4 spell levels left.
You didn't know any spells.

Inventory:

Hand Weapons
 a - a +0 flail (weapon)
Missiles
 l - 7 poisoned needles
Armour
 b - a +0 scale mail
 c - a +0 shield (worn)
 p - a +0 chain mail (worn)
Scrolls
 e - a scroll of amnesia {unknown}
 h - 3 scrolls of noise {unknown}
 i - 3 scrolls of remove curse {unknown}
 n - 2 scrolls of identify {unknown}
Potions
 d - a potion of might
 s - a potion of heal wounds {unknown}
Comestibles
 f - 2 bread rations
 q - a fruit
 r - 2 chunks of flesh

Dungeon Overview and Level Annotations

Branches:
Dungeon (3/15)

Altars:


Message History

You are too injured to fight recklessly!
You are too injured to fight recklessly!
You are too injured to fight recklessly!
You are too injured to fight recklessly!
You are too injured to fight recklessly!
You are too injured to fight recklessly!
You are too injured to fight recklessly!
You are too injured to fight recklessly!
You closely miss the scorpion.
The scorpion is almost dead.
You block the bat's attack. The scorpion stings you.
You are lethally poisoned!
The scorpion poisons you!
Your shield and chain mail prevent you from hitting the scorpion.
The scorpion is almost dead.
You feel sick. You block the bat's attack. The scorpion stings you.
The scorpion barely misses you.
Your chain mail prevents you from hitting the scorpion.
Your bite misses the scorpion.
The scorpion is almost dead.
You feel sick. The bat hits you but does no damage.
You block the scorpion's attack.
You closely miss the scorpion. You bite the scorpion. You drain its power.
You feel invigorated.
You kill the scorpion!
Your Shields skill increases to level 4!
You feel sick. You block the bat's attack.
Drink which item? (? for menu, Esc to quit)
Okay, then.
Drink which item? (? for menu, Esc to quit)
It was a potion of degeneration.
There was something very wrong with that liquid.
You feel weakened.
You feel dopey.
You feel clumsy.
You feel sick. The bat hits you but does no damage. The bat barely misses you.
Drink which item? (? for menu, Esc to quit)
It was a potion of cure mutation.
It has a very clean taste.
You feel sick. The bat hits you but does no damage.
Drink which item? (? for menu, Esc to quit)
It was a potion of magic.
Magic courses through your body.
You feel sick. The bat hits you but does no damage.
Drink which item? (? for menu, Esc to quit)
It was a potion of mutation.
You feel extremely strange.
You feel jittery.
You feel a strange attunement to the structure of the dungeons.
Your thoughts seem clearer.
You feel sick. You block the bat's attack.
Drink which item? (? for menu, Esc to quit)
It was a potion of invisibility.
You fade into invisibility!
You die...

#.# #.# .. ##.## #.# .#
, * #...# #.# .# * ##
#...# #.# .# .# #...#
#.# *.# # *
.#####...###.# *.##.###
,
.#...........####......#
..................##
.#...........###@..# ,
.####......#...%..b..# ,
.# #....#.#..##....## *
## #>...#.#..##....#*
#....#.#..##...... *
.......#..####..... #. *
..###. * ## , , ..# * *
.# * **


You could see a bat.

Action                   |  1- 3 |  4- 6 || total
-------------------------+-------+-------++-------
Melee: Flail             |    87 |    92 ||   179
       Bite              |    26 |    26 ||    52
  Use: Potion            |       |     5 ||     5
  Eat: Chunk             |       |     3 ||     3
Armor: Scale mail        |    33 |    21 ||    54
       Chain mail        |       |    33 ||    33
Dodge: Dodged            |    31 |    26 ||    57
Block: Shield            |    49 |    38 ||    87

Notes
Turn   | Place    | Note
--------------------------------------------------------------
     0 | D:1      | Duffy the Vine Stalker Fighter began the quest for the Orb.
     0 | D:1      | Reached XP level 1. HP: 11/11 MP: 2/2
    54 | D:1      | Reached skill level 2 in Maces & Flails
    54 | D:1      | Reached XP level 2. HP: 16/16 MP: 3/3
   159 | D:1      | Reached skill level 3 in Fighting
   276 | D:1      | Reached skill level 3 in Shields
   636 | D:1      | Reached XP level 3. HP: 18/20 MP: 4/4
   842 | D:2      | Reached XP level 4. HP: 24/24 MP: 5/5
  1045 | D:2      | Reached skill level 3 in Maces & Flails
  1676 | D:3      | Reached XP level 5. HP: 27/28 MP: 6/6
  1698 | D:3      | Reached skill level 4 in Shields
  1702 | D:3      | Gained mutation: You can translocate small distances at will. [potion of mutation]
  1702 | D:3      | Gained mutation: You passively map a small area around you. [potion of mutation]
  1702 | D:3      | Gained mutation: You possess an exceptional clarity of mind. [potion of mutation]
  1703 | D:3      | Succumbed to a scorpion's poison

Skill      XL: |  1  2  3  4  5 |
---------------+----------------+-----
Maces & Flails | 2 3 |  3.6
Fighting       | 3 |  3.1
Shields        | 3 4 |  4.1
Armour         | |  2.4

Vault maps used:
D:1:      elethiomel_arrival_infinity_welcomes_careful_drivers, serial_glass,
          glass_columns_a, glass_columns_c, st_stairs_5
D:2:      serial_glass, glass_columns_a, glass_columns_a, glass_columns_a,
          glass_columns_b, feat_on_display, item_on_display_a
D:3:      zin_purify, first_bread

Vanquished Creatures
  A scorpion
  4 gnolls
  3 adders
  An ooze
  2 worms
  A dart slug
  A giant gecko
  5 bats
  2 giant cockroaches
  5 hobgoblins
  3 jackals
  4 kobolds
  4 quokkas
  4 giant newts
  2 goblins
  7 rats
49 creatures vanquished.
